 Dungeon Crawl Stone Soup version 0.23.2-33-g5129a83184 (webtiles) character file.

Game seed: 826109717754092410

12443 funkygono the Basher (level 12, -4/94 HPs)
             Began as a Formicid Fighter on July 21, 2019.
             Was a Priest of the Shining One.
             Slain by a centaur warrior (8 damage)
             ... on level 15 of the Dungeon.
             The game lasted 00:26:21 (10758 turns).

funkygono the Basher (Formicid Fighter)            Turns: 10758, Time: 00:26:22

Health: -4/94      AC: 21    Str: 32    XL:     12   Next: 20%
Magic:  12/12      EV:  8    Int:  8    God:    the Shining One [***...]
Gold:   302        SH: 13    Dex: 15    Spells: 11/11 levels left

rFire    + . .     SeeInvis +   B - +4 dire flail (holy)
rCold    + . .     Gourm    +   c - +0 shield
rNeg     + . .     Faith    .   j - +0 plate armour
rPois    +         Spirit   .   (helmet unavailable)
rElec    +         Reflect  .   (no cloak)
rCorr    +         Harm     .   d - +4 pair of gloves of Words of Power {Str+3 Dex+4}
MR       ++...                  y - +1 pair of boots {Stlth+}
Stlth    ..........             q - amulet of the gourmand
HPRegen  0.25/turn              h - +4 ring of strength
MPRegen  0.13/turn              b - ring of protection from magic

@: resistant, glowing
A: permanent stasis, dig shafts and tunnels, four strong arms, antennae 3
a: Dig, Shaft Self, Divine Shield, Renounce Religion


You were on level 15 of the Dungeon.
You worshipped the Shining One.
The Shining One was most pleased with you.
You were very full.

You visited 2 branches of the dungeon, and saw 15 of its levels.

You collected 593 gold pieces.
You spent 291 gold pieces at shops.

Inventory:

Hand Weapons
 B - a +4 dire flail of holy wrath (weapon)
Missiles
 a - 28 sling bullets
 e - 337 stones (quivered)
Armour
 c - a +0 shield (worn)
 d - the +4 pair of gloves of Words of Power (worn) {Str+3 Dex+4}
   (You acquired it on level 6 of the Dungeon)

   It affects your strength (+3).
   It affects your dexterity (+4).
 j - a +0 plate armour (worn)
 y - a +1 pair of boots of stealth (worn)
Jewellery
 b - a ring of protection from magic (right hand)
 h - a +4 ring of strength (left hand)
 q - an amulet of the gourmand (around neck)
Wands
 t - a wand of flame (15)
Scrolls
 i - 2 scrolls of amnesia
 o - a scroll of magic mapping
 p - 2 scrolls of remove curse
 z - a scroll of fear
Potions
 g - 2 potions of agility
 m - 4 potions of mutation
 r - a potion of ambrosia
 s - a potion of flight
 u - a potion of might
 v - 3 potions of curing
 A - a potion of magic
Comestibles
 f - 19 rations


   Skills:
 + Level 8.9 Fighting
 + Level 13.1 Maces & Flails
 + Level 8.5 Armour
 + Level 0.8 Dodging
 + Level 0.3 Stealth
 + Level 10.4 Shields
 + Level 0.7 Invocations


You had 11 spell levels left.
You didn't know any spells.
Your spell library contained the following spells:

 Spells                   Type           Power        Failure   Level  Hunger
 Beastly Appendage        Tmut           #.....       97%         1    ##.....
 Sticks to Snakes         Tmut           #.......     99%         2    ###....
 Inner Flame              Hex/Fire       #.......     100%        3    ####...
 Regeneration             Chrm/Necr      #.........   100%        3    ####...
 Spider Form              Tmut/Pois      #.........   100%        3    ####...
 Ice Form                 Ice/Tmut       #.......     100%        4    #####..
 Leda's Liquefaction      Hex/Erth       #.........   100%        4    #####..
 Blade Hands              Tmut           #.........   100%        5    ######.
 Metabolic Englaciation   Hex/Ice        #.........   100%        5    ######.
 Summon Mana Viper        Hex/Summ       #.......     100%        5    ######.


Dungeon Overview and Level Annotations

Branches:
Dungeon (14/15)            Temple (1/1) D:6            Lair (0/6) D:10
    Orc: D:9-12      Vaults: D:13-14

Altars:
Ashenzari
Cheibriados
Dithmenos
Elyvilon
Fedhas
Gozag
Hepliaklqana
Kikubaaqudgha
Makhleb
Nemelex Xobeh
Okawaru
Qazlal
Ru
Sif Muna
Trog
Uskayaw
Vehumet
Wu Jian
Xom
Yredelemnul
Zin
The Shining One

Shops:
D:5 (   D:8 (   D:9 }   D:10 ?!


Innate Abilities, Weirdness & Mutations

You cannot be hasted, slowed, berserked, paralysed or teleported.
You can dig through walls and to a lower floor.
Your four strong arms can wield two-handed weapons with a shield.
You have a pair of large antennae on your head. (SInv)


Message History

* * * LOW HITPOINT WARNING * * *
You begin to dig a shaft.
You continue digging a shaft.
The two-headed ogre hits you with a +0 giant spiked club.
* * * LOW HITPOINT WARNING * * *
You block the two-headed ogre's attack. x2
The two-headed ogre barely misses you. A shaft appears beneath you!
You fall through a shaft for 2 floors!
The shaft crumbles and collapses.
Beware, you cannot shaft yourself on this level.
A centaur warrior comes into view.
The centaur warrior shouts!
Found 18 stones and 17 gold pieces.
Unknown command.
The centaur warrior hits you.
* * * LOW HITPOINT WARNING * * *
Found 19 arrows.
You hit the centaur warrior but do no damage.
The centaur warrior hits you!
You die...

### .. #.#
..#
#######.####
#..........##
#..(.....$..(
#....@.....#
#....c.....#
############
{


You could see a centaur warrior.

Vanquished Creatures
  4 two-headed ogres
  Nergalle (D:9)
  A cyclops (D:8)
  An ugly thing (D:11)
  A black mamba (shapeshifter) (D:13)
  A gargoyle (D:10)
  A komodo dragon (D:10)
  A hippogriff (D:8)
  4 yaks
  4 wyverns
  A hungry ghost (D:11)
  3 vampire mosquitoes (D:14)
  Menkaure (D:7)
  2 water moccasins
  9 orc warriors
  4 ice beasts
  3 sky beasts
  3 phantoms
  5 ogres
  3 centaurs
  Blork the orc (D:6)
  A big kobold (D:8)
  4 bullfrogs
  2 gnoll sergeants
  A water moccasin skeleton (D:10)
  8 killer bees
  2 spriggan skeletons (D:11)
  4 crimson imps
  A centaur zombie (D:6)
  9 hounds
  2 quasits (D:6)
  8 orc priests
  6 centaur skeletons
  4 jellies
  4 bullfrog skeletons
  Jessica (D:2)
  3 iguanas
  Ijyb (D:4)
  Natasha (thrice) (D:4)
  7 orc wizards
  8 worker ants
  A killer bee zombie (D:8)
  A hound zombie (D:9)
  17 gnolls
  7 adders
  2 shadow imps
  2 adder zombies (D:5)
  4 worms
  A dart slug (D:1)
  2 leopard geckos
  57 orcs
  6 giant cockroaches
  6 goblins
  8 hobgoblins
  10 jackals
  3 quokkas
  A ball python (D:1)
  8 bats
  3 frilled lizards (D:1)
  14 kobolds
  A leopard gecko skeleton (D:5)
  A quokka skeleton (D:9)
  6 rats
  25 plants (D:10)
319 creatures vanquished.

Vanquished Creatures (others)
  2 plants (D:10)
2 creatures vanquished.

Grand Total: 321 creatures vanquished

Notes
Turn   | Place    | Note
-------+----------+-------------------------------------------
     0 | D:1      | funkygono the Formicid Fighter began the quest for the Orb.
     0 | D:1      | Reached XP level 1. HP: 18/18 MP: 1/1
    83 | D:1      | Reached XP level 2. HP: 16/24 MP: 2/2
   381 | D:1      | Reached XP level 3. HP: 29/29 MP: 3/3
   936 | D:2      | Noticed Jessica
   940 | D:2      | Killed Jessica
   940 | D:2      | Reached skill level 3 in Maces & Flails
   940 | D:2      | Reached XP level 4. HP: 36/37 MP: 4/4
  1367 | D:2      | Noticed an angel
  1368 | D:2      | Found a glowing silver altar of Zin.
  2246 | D:3      | Reached XP level 5. HP: 42/42 MP: 5/5
  2593 | D:3      | Noticed an ice beast
  2598 | D:3      | Killed an ice beast
  2598 | D:3      | Reached skill level 4 in Maces & Flails
  2598 | D:3      | Reached XP level 6. HP: 48/48 MP: 6/6
  2691 | D:4      | Noticed Natasha
  2714 | D:4      | Reached skill level 5 in Maces & Flails
  2729 | D:4      | Killed Natasha
  3074 | D:4      | Reached XP level 7. HP: 51/55 MP: 7/7
  3118 | D:4      | Noticed Natasha
  3128 | D:4      | Killed Natasha
  3155 | D:4      | Noticed Natasha
  3159 | D:4      | Killed Natasha
  3303 | D:4      | Noticed Ijyb
  3321 | D:4      | Killed Ijyb
  3538 | D:4      | Reached skill level 5 in Shields
  3991 | D:5      | Entered Level 5 of the Dungeon
  3991 | D:5      | Found an ornate altar of the Wu Jian Council.
  4027 | D:5      | Reached skill level 6 in Maces & Flails
  4086 | D:5      | Found Noxos's Weapon Emporium.
  4203 | D:5      | Reached XP level 8. HP: 61/61 MP: 8/8
  4309 | D:5      | Found a white marble altar of Elyvilon.
  4378 | D:5      | Reached skill level 5 in Fighting
  4562 | D:5      | Reached skill level 7 in Maces & Flails
  4623 | D:5      | Found a glowing golden altar of the Shining One.
  4640 | D:5      | Became a worshipper of the Shining One
  4839 | D:6      | Reached skill level 5 in Armour
  5350 | D:6      | Reached XP level 9. HP: 52/68 MP: 9/9
  5511 | D:6      | Noticed Blork the orc
  5524 | D:6      | Killed Blork the orc
  5600 | D:6      | Reached skill level 8 in Maces & Flails
  5665 | D:6      | Found a bloodstained altar of Trog.
  5707 | D:6      | Found a hide-covered altar of Uskayaw.
  5887 | D:6      | Found a staircase to the Ecumenical Temple.
  5896 | Temple   | Entered the Ecumenical Temple
  6385 | D:6      | Identified a scroll of acquirement
  6386 | D:6      | Got a pair of twisted gloves
  6392 | D:6      | Identified the +4 pair of gloves of Words of Power {Str+3
                  | Dex+4} (You acquired it on level 6 of the Dungeon)
  6897 | D:7      | Noticed Menkaure
  6908 | D:7      | Killed Menkaure
  7131 | D:7      | Reached * piety under the Shining One
  7131 | D:7      | Reached skill level 9 in Maces & Flails
  7290 | D:8      | Reached XP level 10. HP: 73/77 MP: 10/10
  7431 | D:8      | Found Usex's Antique Weapon Boutique.
  7529 | D:8      | Found a blossoming altar of Fedhas.
  7563 | D:8      | Reached skill level 10 in Maces & Flails
  7566 | D:8      | Noticed a cyclops
  7580 | D:8      | Killed a cyclops
  7638 | D:8      | Noticed a two-headed ogre
  7652 | D:8      | Killed a two-headed ogre
  7723 | D:8      | Found a deep blue altar of Sif Muna.
  7785 | D:8      | Reached skill level 11 in Maces & Flails
  7788 | D:8      | Found a hazy altar of Hepliaklqana.
  7890 | D:8      | Reached ** piety under the Shining One
  8375 | D:9      | Reached XP level 11. HP: 85/85 MP: 11/11
  9250 | D:9      | Found Illiorot's Gadget Shop.
  9496 | D:10     | Entered Level 10 of the Dungeon
  9525 | D:10     | Noticed Nergalle
  9563 | D:9      | Killed Nergalle
  9563 | D:9      | Reached skill level 12 in Maces & Flails
  9891 | D:10     | Identified the Reference Book on Bewitching Talismans
  9923 | D:10     | Found Hoschaafi's Distillery.
  9933 | D:10     | Found a staircase to the Lair.
  9953 | D:10     | Found Henik's Magic Scroll Boutique.
  9960 | D:10     | Bought a scroll of enchant weapon for 97 gold pieces
  9960 | D:10     | Bought a scroll of enchant weapon for 97 gold pieces
  9960 | D:10     | Bought a scroll of enchant weapon for 97 gold pieces
 10484 | D:11     | Noticed a brown ugly thing
 10496 | D:11     | Killed a brown ugly thing
 10558 | D:11     | Reached *** piety under the Shining One
 10640 | D:11     | You fall through a shaft for 3 floors!
 10707 | D:13     | Noticed a two-headed ogre
 10720 | D:13     | Killed a two-headed ogre
 10720 | D:13     | Reached skill level 10 in Shields
 10720 | D:13     | Reached XP level 12. HP: 63/94 MP: 12/12
 10720 | D:13     | Noticed a two-headed ogre
 10721 | D:13     | Noticed a two-headed ogre
 10729 | D:13     | Killed a two-headed ogre
 10730 | D:13     | Noticed a two-headed ogre
 10732 | D:13     | Noticed a centaur warrior
 10733 | D:13     | Killed a two-headed ogre
 10733 | D:13     | Reached skill level 13 in Maces & Flails
 10741 | D:13     | HP: 3/94 [centaur warrior/arrow (7)]
 10745 | D:13     | Noticed a two-headed ogre
 10752 | D:13     | HP: 3/94 [two-headed ogre/cursed +0 giant club (2)]
 10756 | D:13     | You fall through a shaft for 2 floors!
 10756 | D:15     | Entered Level 15 of the Dungeon
 10756 | D:15     | Noticed a centaur warrior
 10757 | D:15     | HP: 4/94 [centaur warrior (1)]
 10758 | D:15     | Slain by a centaur warrior

Skill      XL: |  1  2  3  4  5  6  7  8  9 10 11 12 |
---------------+-------------------------------------+-----
Shields        | 4 5 6 8 10 | 10.4
Maces & Flails | 3 4 5 6 7 9 11 12 13 | 13.1
Armour         | 4 5 6 8 |  8.5
Fighting       | 4 5 6 7 8 |  8.9
Dodging        | |  0.8
Stealth        | |  0.3
Invocations    | |  0.7

Action                   |  1- 3 |  4- 6 |  7- 9 | 10-12 || total
-------------------------+-------+-------+-------+-------++-------
Melee: Flail             |   109 |   214 |   271 |       ||   594
       Dire flail        |       |       |    98 |   503 ||   601
Invok: Divine Shield     |       |       |       |     2 ||     2
 Abil: Shaft Self        |       |       |       |     1 ||     1
  Use: Scroll            |     1 |     5 |    13 |    10 ||    29
       Potion            |       |     1 |       |     3 ||     4
  Eat: Chunk             |       |    20 |    13 |    15 ||    48
Armor: Scale mail        |    67 |    15 |       |       ||    82
       Plate armour      |       |    68 |   181 |   109 ||   358
Dodge: Dodged            |    37 |    47 |    90 |    83 ||   257
Block: Shield            |    61 |   104 |   235 |   189 ||   589
